 Dungeon Crawl Stone Soup version 0.24-a0-520-g8fd06ad0bc (webtiles) character file.

Game seed: 13223604208305442385

135378 deorigin the Devastator (level 16, -2/144 HPs)
             Began as a Naga Wizard on July 17, 2019.
             Was a High Priest of Vehumet.
             Slain by a naga mage
             ... wielding a +0 flail
              (4 damage)
             ... on level 1 of the Snake Pit on July 25, 2019.
             The game lasted 03:39:47 (42078 turns).

deorigin the Devastator (Naga Wizard)              Turns: 42078, Time: 03:39:48

Health: -2/144     AC: 23    Str: 13    XL:     16   Next: 87%
Magic:  20/34      EV:  2    Int: 34    God:    Vehumet [*****.]
Gold:   530        SH: 10    Dex: 10    Spells: 1/43 levels left

rFire    x . .     SeeInvis +   b - staff of wizardry
rCold    + . .     Gourm    +   C - +0 shield {rPois}
rNeg     + + +     Faith    .   i - +1 ice dragon scales of the Flute {rF- rC++ rCorr Int+5}
rPois    +         Spirit   .   J - +1 helmet
rElec    .         Reflect  .   V - +1 cloak of the Game Afoot {rC- rN+ Int+4}
rCorr    +         Harm     .   (no gloves)
MR       ++...                  p - +2 naga barding
Stlth    +++.......             O - amulet "Qotz" {Gourm rN+}
HPRegen  0.34/turn              U - ring of positive energy
MPRegen  0.24/turn              x - +3 ring of strength

@: about to teleport, constricted, studying Conjurations, lightly drained, very
slow
A: large, see invisible, deformed body, poison resistance, slowness 2, slow
metabolism 1, spit poison 1, constrict 1, AC +5
}: 1/15 runes: decaying
a: Spit Poison, Renounce Religion


You were on level 1 of the Snake Pit.
You worshipped Vehumet.
Vehumet was extremely pleased with you.
You were very full.

You visited 6 branches of the dungeon, and saw 29 of its levels.
You also visited: Bailey and Ice Cave.

You collected 2899 gold pieces.
You spent 2369 gold pieces at shops.

Inventory:

Hand Weapons
 a - a +4 demon trident of pain
Armour
 i - the +1 ice dragon scales of the Flute (worn) {rF- rC++ rCorr Int+5}
   (You found it in a bailey)

   It affects your intelligence (+5).
   It makes you vulnerable to fire.
   It greatly protects you from cold.
   It provides partial protection from all sources of acid and corrosion.
 p - a +2 naga barding (worn)
 t - a +2 cloak
 A - a +0 troll leather armour
 C - a +0 shield of poison resistance (worn)
 J - a +1 helmet (worn)
 V - the +1 cloak of the Game Afoot (worn) {rC- rN+ Int+4}
   (You found it in a bailey)

   It affects your intelligence (+4).
   It makes you vulnerable to cold.
   It protects you from negative energy.
Magical Staves
 b - an uncursed staff of wizardry (weapon)
 S - an uncursed staff of fire
 Y - an uncursed staff of air
Jewellery
 j - an uncursed ring of fire
 k - a +2 ring of evasion
 o - an uncursed ring of protection from cold
 v - an uncursed ring of resist corrosion
 x - a +3 ring of strength (right hand)
 G - an uncursed ring of protection from magic
 O - the amulet "Qotz" (around neck) {Gourm rN+}
   (You bought it in a shop on level 2 of the Orcish Mines)

   [amulet of the gourmand]

   It allows you to eat raw meat even when not hungry.
   It protects you from negative energy.
 U - a ring of positive energy (left hand)
Wands
 l - a wand of paralysis (8)
 y - a wand of acid (23)
 E - a wand of polymorph (8)
 K - a wand of enslavement (11)
 P - a wand of digging (12)
 W - a wand of iceblast (30)
Scrolls
 e - 10 scrolls of remove curse
 g - 5 scrolls of immolation
 h - a scroll of enchant weapon
 m - 6 scrolls of teleportation
 q - 2 scrolls of magic mapping
 D - a scroll of blinking
 F - 4 scrolls of fear
 I - 3 scrolls of amnesia
 L - 2 scrolls of identify
 Q - 2 scrolls of fog
 X - 3 scrolls of enchant armour
Potions
 c - a potion of berserk rage
 f - 8 potions of might
 s - a potion of cancellation
 u - a potion of magic
 z - 2 potions of invisibility
 B - 2 potions of agility
 H - 9 potions of curing
 T - 5 potions of brilliance
 Z - 4 potions of haste
Books
 M - a manual of Conjurations
Miscellaneous
 n - a sack of spiders
 r - a fan of gales
 w - a crystal ball of energy
 N - a phial of floods
 R - a lamp of fire
Comestibles
 d - 31 rations


   Skills:
 - Level 9.2(9.0) Fighting
 - Level 3.5(3.4) Armour
 - Level 4.0(3.9) Dodging
 - Level 10.1(10.0) Stealth
 - Level 9.0(8.9) Shields
 + Level 14.0(13.9) Spellcasting
 - Level 15.2(15.1) Conjurations
 + Level 4.1(4.0) Hexes
 - Level 1.0(0.9) Charms
 - Level 10.0(9.9) Summonings
 - Level 1.2(1.1) Necromancy
 - Level 2.0(1.9) Translocations
 - Level 4.2(4.1) Fire Magic
   Level 2.0(1.8) Air Magic
 - Level 4.4(4.3) Earth Magic
 - Level 2.0(1.9) Poison Magic
 - Level 1.8(1.7) Evocations


You had one spell level left.
You knew the following spells:

 Your Spells              Type           Power        Failure   Level  Hunger
a - Spellforged Servitor  Conj/Summ      #######...   6%          7    #####..
b - Iron Shot             Conj/Erth      ######....   3%          6    ###....
c - Blink                 Tloc           N/A          3%          2    None
d - Summon Mana Viper     Hex/Summ       ######..     7%          5    None
e - Conjure Flame         Conj/Fire      ######..     1%          3    None
f - Regeneration          Chrm/Necr      ####......   9%          3    None
g - Orb of Destruction    Conj           #######...   2%          7    #####..
h - Irradiate             Conj/Tmut      ######....   1%          5    None
i - Olgreb's Toxic Radia  Pois           #####...     6%          4    None

Your spell library contained the following spells:

 Spells                   Type           Power        Failure   Level  Hunger
 Bolt of Fire             Conj/Fire      ######....   4%          6    ###....
 Magic Dart               Conj           ####         0%          1    None
 Apportation              Tloc           #####.       1%          1    None
 Confusing Touch          Hex            ######       1%          1    None
 Freeze                   Ice            ###.         1%          1    None
 Sting                    Conj/Pois      ####         1%          1    None
 Summon Butterflies       Summ           ######..     1%          1    None
 Summon Small Mammal      Summ           ####         1%          1    None
 Animate Skeleton         Necr           N/A          2%          1    None
 Pain                     Necr           ####         2%          1    None
 Beastly Appendage        Tmut           ###...       4%          1    None
 Call Imp                 Summ           ######..     1%          2    None
 Slow                     Hex            ######..     1%          2    None
 Throw Frost              Conj/Ice       ######       1%          2    None
 Call Canine Familiar     Summ           ######..     1%          3    None
 Mephitic Cloud           Conj/Pois/Air  ######..     1%          3    None
 Throw Icicle             Conj/Ice       ######..     1%          4    None
 Bolt of Magma            Conj/Fire/Erth ######....   1%          5    None
 Iskenderun's Battlesphe  Conj/Chrm      ######..     1%          5    None
 Venom Bolt               Conj/Pois      ######....   1%          5    None
 Tukima's Dance           Hex            ######..     2%          3    None
 Poisonous Vapours        Pois/Air       #####.       3%          2    None
 Lesser Beckoning         Tloc           #####.....   6%          3    None
 Summon Ice Beast         Ice/Summ       ######..     6%          4    None
 Sticks to Snakes         Tmut           ###.....     7%          2    None
 Spider Form              Tmut/Pois      ####......   9%          3    None
 Vampiric Draining        Necr           ####......   9%          3    None
 Ozocubu's Armour         Chrm/Ice       ####....     11%         3    None
 Animate Dead             Necr           N/A          26%         4    None
 Ice Form                 Ice/Tmut       ###.....     38%         4    None
 Summon Hydra             Summ           ######....   50%         7    #####..
 Alistair's Intoxication  Tmut/Pois      ####....     58%         5    None
 Blade Hands              Tmut           ###.......   73%         5    None
 Invisibility             Hex            ######..     75%         6    ###....


Dungeon Overview and Level Annotations

Branches:
Dungeon (15/15)            Temple (1/1) D:7            Lair (6/6) D:9
  Swamp (4/4) Lair:4        Snake (1/4) Lair:3        Slime (0/5) Lair:5
    Orc (2/2) D:10            Elf (0/3) Orc:2        Vaults (0/5) D:13
 Depths (0/5) D:15

Altars:
Ashenzari
Cheibriados
Dithmenos
Elyvilon
Fedhas
Gozag
Hepliaklqana
Kikubaaqudgha
Makhleb
Nemelex Xobeh
Okawaru
Qazlal
Ru
Sif Muna
Trog
Uskayaw
Vehumet
Wu Jian
Xom
Yredelemnul
Zin
The Shining One
Beogh
Jiyva

Shops:
D:5 *   D:9 :   Orc:2 [=(*

Annotations:
D:7 1 exclusion, Menkaure
D:10 exclusion: 2 doors
Swamp:1 1 runed translucent door
Swamp:2 2 transporters, Baidietz's ghost, journeyman MiFi
Swamp:4 Mara
Snake:1 Asterion


Innate Abilities, Weirdness & Mutations

You cannot wear boots.
Your serpentine skin is tough. (AC +5)
You have supernaturally acute eyesight. (SInv)
Armour fits poorly on your strangely shaped body.
Your system is resistant to poisons. (rPois)
You cover ground very slowly.
You have a slow metabolism.
You can spit poison.
You can use your snake-like lower body to constrict enemies.


Message History

The naga mage shouts!
The guardian serpent hits your spellforged servitor but does no damage.
Your mana viper bites Asterion!
The guardian serpent hits your spellforged servitor!
You block Asterion's attack.
Asterion blocks your mana viper's attack.
Your spellforged servitor points at Asterion and mumbles some strange words.
Asterion blocks the iron shot.
Unknown command.
The guardian serpent hits your spellforged servitor!
Your spellforged servitor is destroyed!
Your mana viper bites Asterion!
Asterion hits you from afar with a +5 demon trident of electrocution.
* * * LOW HITPOINT WARNING * * *
You are electrocuted!
* * * LOW HITPOINT WARNING * * *
The guardian serpent coils itself and performs some mystic snake dance.
The naga mage blinks!
The naga blinks into view!
You block the naga mage's attack. The naga mage grabs you.
You die...

######....#
#....####....# #....#
##.#......)...
####.####.#..........
#...............#.
######.#..........
#.#.....###)#
#.##.#+###..)
#########.#.....##(..
#..N@N....#.....##...
#..SS######.....##..⌠
#..H.SNN ##..⌠..#...
##.#.##N.. #.....#...
#.#.# ...##.......⌠
#.#.# .. ##.......
#.#§# . ##..⌠..>
#.#.. ##..... ##...⌠


You could see Asterion, a guardian serpent, a naga mage, a naga and 2 friendly
mana vipers.

Vanquished Creatures
  Saint Roka (Orc:2)
  the Lernaean hydra (Swamp:4)
  Jorgrun (D:13)
  Snorg (D:10)
  A fire dragon (Lair:6)
  8 hydras
  3 centaur warriors (D:13)
  A death knight (D:11)
  A catoblepas (Lair:4)
  5 two-headed ogres
  A death yak (D:9)
  A tengu warrior (D:12)
  2 alligators (Swamp:1)
  A skeletal warrior (D:15)
  A spark wasp zombie (D:15)
  4 unseen horrors
  2 swamp dragons
  2 deep elf magi
  A lindwurm (Lair:6)
  An orc knight (Bailey)
  A wolf spider (Lair:1)
  2 necromancers
  5 ugly things
  2 cyclopes (D:13)
  2 centaur zombies
  6 black mambas
  2 molten gargoyles (Lair:6)
  9 elephants
  A torpor snail (Lair:4)
  A gargoyle (D:14)
  11 spiny frogs
  A rime drake (Lair:2)
  A freezing wraith (D:14)
  15 komodo dragons
  A guardian mummy (D:15)
  4 trolls
  5 tyrant leeches
  A polar bear (Lair:1)
  A bog body (Swamp:3)
  A hornet (D:9)
  13 dream sheep
  7 hippogriffs
  24 blink frogs
  6 slime creatures
  A centaur simulacrum (D:14)
  2 shadows
  5 basilisks
  38 yaks
  A wraith (D:14)
  6 wyverns
  5 hungry ghosts
  A redback simulacrum (D:13)
  3 vampire mosquitoes
  3 steam dragons (Lair:6)
  An insubstantial wisp (Swamp:2)
  A swamp worm (Swamp:3)
  6 porcupines
  10 water moccasins
  A human skeleton (D:15)
  3 hell hounds (Lair:6)
  2 ice beasts
  7 orc warriors
  2 eyes of draining
  6 ogres
  3 phantoms
  4 swamp drakes
  A necrophage (D:7)
  9 wolves
  8 centaurs
  9 crocodiles
  4 big kobolds
  Blork the orc (Orc:2)
  21 bullfrogs
  A wyvern zombie (D:11)
  5 scorpions
  6 killer bees (D:7)
  2 wights
  3 electric eels
  2 howler monkeys (D:7)
  5 lava snakes (Lair:6)
  6 crimson imps
  2 quasits (D:12)
  4 hounds
  3 jellies
  2 bullfrog skeletons
  10 orc priests
  Jessica (D:2)
  5 centaur skeletons
  An iguana (D:5)
  13 orc wizards
  6 worker ants
  A killer bee zombie (D:7)
  2 hound skeletons
  3 worker ant zombies
  3 gnolls (D:11)
  25 adders
  4 shadow imps
  8 white imps (Orc:1)
  An ooze (D:4)
  3 adder skeletons
  An adder zombie (D:3)
  4 worms
  3 dart slugs
  8 leopard geckos
  62 orcs
  3 giant cockroaches
  13 goblins
  6 hobgoblins
  15 jackals
  14 kobolds
  10 quokkas
  A ball python (D:3)
  5 bats
  10 frilled lizards
  A giant cockroach zombie (D:3)
  2 jackal skeletons (D:3)
  A jackal zombie (D:3)
  2 leopard gecko skeletons (D:3)
  A leopard gecko zombie (D:3)
  3 quokka skeletons
  A quokka zombie (D:3)
  12 rats
  A butterfly (Lair:5)
631 creatures vanquished.

Vanquished Creatures (collateral kills)
  A thorn hunter (Swamp:4)
  Nessos (Orc:2)
  14 hydras
  5 naga warriors (Snake:1)
  A ghost crab (Swamp:4)
  Fannar (Orc:1)
  2 shambling mangroves
  2 anacondas (Snake:1)
  A centaur warrior (D:13)
  A two-headed ogre (D:12)
  5 alligators
  A titan zombie (D:15)
  A vampire mage (D:15)
  An orc high priest (Orc:2)
  4 spriggans
  2 naga sharpshooters (Snake:1)
  3 skeletal warriors (D:14)
  A wizard (D:15)
  A spriggan druid (Swamp:4)
  13 swamp dragons
  6 orc knights
  A necromancer (D:15)
  3 naga ritualists (Snake:1)
  6 mana vipers (Snake:1)
  3 orc sorcerers
  3 ugly things
  A salamander (Snake:1)
  A cyclops (D:14)
  A manticore (D:15)
  10 black mambas (Snake:1)
  5 spiny frogs
  2 ice statues (IceCv)
  2 centaur skeletons
  A freezing wraith (D:15)
  8 ice devils (IceCv)
  A yaktaur zombie (D:15)
  11 hornets
  2 trolls
  9 tyrant leeches
  9 slime creatures
  6 bog bodies
  5 blink frogs (Swamp:3)
  3 hippogriffs
  A basilisk (D:13)
  5 yaks (D:12)
  A hog (shapeshifter) (D:13)
  A hungry ghost (D:12)
  15 vampire mosquitoes
  23 insubstantial wisps
  A spatial vortex (Swamp:3)
  2 wargs (Orc:2)
  4 nagas (Snake:1)
  2 acid dragons
  13 swamp worms
  A water moccasin (Lair:1)
  23 orc warriors
  A hornet zombie (D:15)
  9 swamp drakes
  A phantom (D:7)
  4 ogres
  A centaur (D:13)
  3 wolves (Lair:1)
  2 bullfrogs
  A wyvern zombie (D:13)
  3 wights
  2 crimson imps
  3 draconian simulacra (IceCv)
  10 orc priests
  7 orc wizards
  2 troll simulacra (IceCv)
  2 spriggan simulacra (IceCv)
  Robin (D:2)
  2 naga simulacra (IceCv)
  An ogre simulacrum (IceCv)
  A shadow imp (D:14)
  4 white imps (Orc:1)
  28 orcs
340 creatures vanquished.

Vanquished Creatures (others)
  Roxanne (D:14)
  An anaconda (Snake:1)
  A shambling mangrove (Swamp:1)
  An orc sorcerer (Orc:2)
  An ogre (Orc:1)
  A centaur (D:13)
  A worker ant (D:7)
  An orc (Orc:1)
  8 fungi
  12 plants
28 creatures vanquished.

Grand Total: 999 creatures vanquished

Notes
Turn   | Place    | Note
-------+----------+-------------------------------------------
     0 | D:1      | deorigin the Naga Wizard began the quest for the Orb.
     0 | D:1      | Reached XP level 1. HP: 15/15 MP: 4/4
   210 | D:1      | Reached XP level 2. HP: 22/22 MP: 3/6
   217 | D:1      | Learned a level 2 spell: Call Imp
   220 | D:1      | Learned a level 2 spell: Blink
  1053 | D:1      | Reached XP level 3. HP: 25/28 MP: 2/8
  1058 | D:1      | Learned a level 3 spell: Mephitic Cloud
  1802 | D:2      | Noticed Jessica
  1814 | D:2      | Killed Jessica
  1814 | D:2      | Reached skill level 2 in Conjurations
  1814 | D:2      | Reached XP level 4. HP: 33/36 MP: 1/9
  1903 | D:2      | Found an opulent altar of Gozag.
  2046 | D:2      | Noticed Robin
  2265 | D:2      | Killed Robin
  2457 | D:3      | You fall into a shaft and drop 3 floors!
  2635 | D:6      | Reached skill level 1 in Poison Magic
  2635 | D:6      | Reached XP level 5. HP: 42/42 MP: 5/11
  2715 | D:6      | Noticed an ogre
  2717 | D:6      | Noticed an orc warrior
  2748 | D:6      | Learned a level 3 spell: Conjure Flame
  2934 | D:6      | Killed an ogre
  2934 | D:6      | Reached skill level 1 in Air Magic
  2934 | D:6      | Reached XP level 6. HP: 49/49 MP: 5/12
  3006 | D:5      | Entered Level 5 of the Dungeon
  3037 | D:5      | Reached skill level 1 in Fire Magic
  3120 | D:5      | Reached skill level 3 in Conjurations
  3120 | D:5      | Reached skill level 1 in Evocations
  3122 | D:5      | Reached skill level 5 in Stealth
  3122 | D:5      | Reached XP level 7. HP: 55/55 MP: 0/13
  3282 | D:5      | Found Amotyvas's General Store.
  3368 | D:5      | Bought a scroll of identify for 28 gold pieces
  3430 | D:4      | Found a hazy altar of Hepliaklqana.
  3430 | D:4      | Found a bloodstained altar of Trog.
  3789 | D:5      | Found a sacrificial altar of Ru.
  3857 | D:5      | Found a burning altar of Makhleb.
  5044 | D:3      | Reached skill level 5 in Spellcasting
  5597 | D:4      | Reached XP level 8. HP: 60/62 MP: 3/15
  5750 | D:4      | Reached skill level 4 in Conjurations
  6891 | D:6      | Reached skill level 1 in Fighting
  7082 | D:7      | Found a staircase to the Ecumenical Temple.
  7107 | Temple   | Entered the Ecumenical Temple
  7358 | D:7      | Found a radiant altar of Vehumet.
  7395 | D:7      | Reached XP level 9. HP: 13/74 MP: 8/18
  7798 | D:7      | Became a worshipper of Vehumet
  7887 | D:7      | Learned a level 3 spell: Regeneration
  7939 | D:7      | Found a shadowy altar of Dithmenos.
  7959 | D:7      | Reached skill level 5 in Conjurations
  8354 | D:7      | Noticed Menkaure
  8447 | D:7      | Found a blossoming altar of Fedhas.
  8643 | D:8      | Reached skill level 1 in Charms
  8654 | D:8      | Reached skill level 1 in Necromancy
  8692 | D:7      | Reached skill level 1 in Shields
  9659 | D:9      | Found a staircase to the Lair.
  9659 | D:9      | Noticed a death yak
  9700 | D:9      | Reached XP level 10. HP: 87/87 MP: 16/21
 10032 | D:8      | Reached skill level 5 in Fighting
 10296 | D:9      | Reached * piety under Vehumet
 10296 | D:9      | Offered knowledge of Shock by Vehumet.
 10464 | D:9      | Reached skill level 10 in Stealth
 10549 | D:9      | Killed a death yak
 10549 | D:9      | Reached skill level 6 in Conjurations
 10681 | D:9      | Found Bara's Book Shoppe.
 10698 | D:9      | Noticed a two-headed ogre
 11410 | D:9      | Found a stormy altar of Qazlal.
 11677 | D:10     | Entered Level 10 of the Dungeon
 11909 | D:10     | Got a scorched hunting sling
 11999 | D:10     | Found a staircase to the Orcish Mines.
 12024 | D:10     | Noticed Snorg
 12054 | D:9      | Reached ** piety under Vehumet
 12258 | D:10     | Offered knowledge of Sandblast by Vehumet.
 12300 | D:10     | Reached XP level 11. HP: 99/99 MP: 20/23
 12444 | D:10     | Killed Snorg
 12444 | D:10     | Reached skill level 7 in Conjurations
 13037 | D:11     | Noticed an unseen horror
 13059 | D:11     | Killed an unseen horror
 13093 | D:11     | Noticed an unseen horror
 13117 | D:11     | Killed an unseen horror
 13218 | D:11     | Reached skill level 8 in Conjurations
 13357 | D:11     | Noticed a death knight
 13368 | D:11     | Killed a death knight
 13368 | D:11     | Offered knowledge of Searing Ray by Vehumet.
 13587 | D:11     | Found a radiant altar of Vehumet.
 13680 | D:11     | Noticed a two-headed ogre
 13728 | D:11     | Reached *** piety under Vehumet
 13730 | D:11     | Killed a two-headed ogre
 13855 | D:11     | Learned a level 7 spell: Orb of Destruction
 13857 | D:11     | Noticed a purple ugly thing
 13862 | D:11     | Killed a purple ugly thing
 13916 | D:11     | Reached skill level 9 in Conjurations
 13929 | D:11     | Identified the +9 hunting sling of the Imperium {flame,
                  | Str+2} (You found it on level 10 of the Dungeon)
 14304 | Lair:1   | Entered Level 1 of the Lair of Beasts
 14426 | Lair:1   | Learned a level 5 spell: Bolt of Magma
 14439 | Lair:1   | Reached XP level 12. HP: 105/114 MP: 21/25
 14547 | Lair:1   | Offered knowledge of Olgreb's Toxic Radiance by Vehumet.
 14570 | Lair:1   | Reached skill level 1 in Earth Magic
 15029 | Lair:1   | Learned a level 4 spell: Olgreb's Toxic Radiance
 15522 | Lair:2   | Noticed a four-headed hydra
 15643 | Lair:2   | Killed a four-headed hydra
 15874 | Lair:2   | Reached **** piety under Vehumet
 16456 | Lair:1   | Offered knowledge of Fulminant Prism by Vehumet.
 16845 | Lair:1   | Reached skill level 10 in Conjurations
 16894 | Lair:1   | Identified a scroll of acquirement
 16898 | Lair:1   | Got an ichor-stained hat
 16909 | Lair:1   | Identified the +0 hat of the Illusory Allies {-Cast Int+3
                  | Dex+6} (You acquired it on level 1 of the Lair of Beasts)
 17124 | Lair:3   | Noticed a six-headed hydra
 17130 | Lair:3   | Killed a six-headed hydra
 17204 | Lair:3   | Noticed a four-headed hydra
 17210 | Lair:3   | Killed a four-headed hydra
 17530 | Lair:3   | Found a staircase to the Snake Pit.
 17559 | Lair:3   | Reached skill level 11 in Conjurations
 17664 | Lair:3   | Gained mutation: You can use your snake-like lower body to
                  | constrict enemies. [Naga growth]
 17664 | Lair:3   | Reached XP level 13. HP: 40/121 MP: 4/26
 18125 | Lair:3   | Reached skill level 12 in Conjurations
 18918 | Lair:3   | Upgraded the game from 0.24-a0-504-gcfb02b9d07 to
                  | 0.24-a0-516-g9de272bb65
 18919 | Lair:3   | Upgraded the game from 0.24-a0-516-g9de272bb65 to
                  | 0.24-a0-520-g8fd06ad0bc
 19451 | Lair:4   | Got a warped leather armour
 19452 | Lair:4   | Identified the cursed +0 leather armour of the Prince of
                  | Darkness {Dex+4} (You found it on level 4 of the Lair of
                  | Beasts)
 19460 | Lair:4   | Reached skill level 13 in Conjurations
 20011 | Lair:4   | Found a staircase to the Swamp.
 20508 | Lair:5   | Found a viscous altar of Jiyva.
 20508 | Lair:5   | Found a staircase to the Slime Pits.
 20523 | Lair:5   | Reached ***** piety under Vehumet
 20690 | Lair:5   | Offered knowledge of Lee's Rapid Deconstruction by Vehumet.
 21235 | Lair:6   | Entered Level 6 of the Lair of Beasts
 21243 | Lair:5   | Reached skill level 14 in Conjurations
 21436 | Lair:5   | Reached skill level 10 in Spellcasting
 22209 | Lair:6   | Reached XP level 14. HP: 95/129 MP: 5/29
 22610 | Lair:6   | Offered knowledge of Poison Arrow by Vehumet.
 22855 | Lair:6   | Found a large runed translucent door.
 22855 | Lair:6   | Found a large runed translucent door.
 22944 | Lair:6   | Learned a level 7 spell: Spellforged Servitor
 24219 | D:12     | Found a flagged portal.
 24258 | Bailey   | Entered a bailey
 24589 | Bailey   | Reached skill level 5 in Summonings
 24983 | Bailey   | Got jet-encrusted ice dragon scales
 24994 | Bailey   | Identified the +1 ice dragon scales of the Flute {rF- rC++
                  | rCorr Int+5} (You found it in a bailey)
 24998 | Bailey   | Got a faintly humming cloak
 25009 | Bailey   | Identified the +1 cloak of the Game Afoot {rC- rN+ Int+4}
                  | (You found it in a bailey)
 27076 | D:13     | Found a gate to the Vaults.
 27369 | D:13     | Noticed Jorgrun
 27414 | D:13     | Killed Jorgrun
 27793 | D:13     | Reached XP level 15. HP: 135/135 MP: 12/31
 27966 | D:13     | Reached skill level 10 in Summonings
 28384 | D:9      | Bought a manual of Conjurations for 1545 gold pieces
 29156 | D:14     | Noticed Roxanne
 29186 | D:14     | Killed Roxanne
 29450 | D:14     | Offered knowledge of Irradiate by Vehumet.
 29864 | D:15     | Entered Level 15 of the Dungeon
 30039 | D:15     | Found a staircase to the Depths.
 30043 | D:15     | HP: 4/135 [vampire mage/bolt of negative energy (33)]
 30542 | D:15     | Learned a level 5 spell: Irradiate
 30871 | D:15     | Reached skill level 15 in Conjurations
 31518 | Swamp:1  | Entered Level 1 of the Swamp
 31566 | Swamp:1  | Learned a level 6 spell: Iron Shot
 31752 | Swamp:1  | HP: 4/135 [shambling mangrove (9)]
 31956 | Swamp:1  | Reached skill level 1 in Armour
 33543 | Swamp:1  | Found a runed translucent door.
 34072 | Swamp:2  | Noticed Baidietz's ghost (journeyman MiFi)
 34379 | Orc:1    | Entered Level 1 of the Orcish Mines
 34453 | Orc:1    | Noticed Fannar
 34459 | Orc:1    | Killed Fannar
 34552 | Orc:1    | Found a frozen archway.
 34562 | Orc:1    | Offered knowledge of Yara's Violent Unravelling by Vehumet.
 34620 | IceCv    | Entered an ice cave
 34641 | IceCv    | Reached skill level 5 in Shields
 35285 | Orc:2    | Entered Level 2 of the Orcish Mines
 35418 | Orc:2    | Found a staircase to the Elven Halls.
 35503 | Orc:2    | Noticed Blork the orc
 35509 | Orc:2    | Killed Blork the orc
 35513 | Orc:2    | Reached XP level 16. HP: 85/144 MP: 16/33
 35621 | Orc:2    | Noticed Saint Roka
 35784 | Orc:2    | Killed Saint Roka
 35788 | Orc:2    | Noticed Nessos
 35800 | Orc:2    | Killed Nessos
 36512 | Orc:2    | Found a roughly hewn altar of Beogh.
 36531 | Orc:2    | Found Soettonu's General Store.
 36557 | Orc:2    | Found Plog's Jewellery Boutique.
 36561 | Orc:2    | Found Dozaevaa's Antique Weapon Boutique.
 36588 | Orc:2    | Bought a scroll of teleportation for 36 gold pieces
 36588 | Orc:2    | Bought a ration for 60 gold pieces
 36735 | Orc:2    | Found Celets's Antique Armour Boutique.
 36758 | Orc:2    | Bought the amulet "Qotz" {Gourm rN+} for 700 gold pieces
 37152 | Swamp:2  | Found a transporter.
 37272 | Swamp:2  | Found a transporter.
 37343 | Swamp:2  | Reached ****** piety under Vehumet
 37560 | Swamp:2  | Offered knowledge of Bolt of Cold by Vehumet.
 39311 | Swamp:4  | Entered Level 4 of the Swamp
 39336 | Swamp:4  | Noticed a thorn hunter
 39345 | Swamp:4  | Killed a thorn hunter
 39870 | Swamp:4  | Noticed the 27-headed Lernaean hydra
 39877 | Swamp:4  | Killed the 27-headed Lernaean hydra
 39957 | Swamp:4  | Learned a level 5 spell: Summon Mana Viper
 40031 | Swamp:4  | Reached skill level 1 in Hexes
 40054 | Swamp:4  | Offered knowledge of Freezing Cloud by Vehumet.
 40115 | Swamp:4  | Noticed Mara
 40131 | Swamp:4  | Noticed deorigin's illusion
 40135 | Swamp:4  | HP: 5/144 [disintegration[Mara] (20)]
 40845 | Swamp:4  | Got a decaying rune of Zot
 41012 | Snake:1  | Entered Level 1 of the Snake Pit
 41524 | Snake:1  | Offered knowledge of Bolt of Fire by Vehumet.
 42064 | Snake:1  | Noticed Asterion
 42078 | Snake:1  | HP: 2/144 [Asterion/+5 demon trident of electrocution (14)]
 42078 | Snake:1  | Slain by a naga mage

Levels and vault maps discovered:
D:1:      dpeg_arrival_ratfight, layout_rooms, minmay_crystal_room,
          kennysheep_decorative_pillar, chequers_garden, grunt_decor_cap
D:2:      layout_basic, marbit_many_paths, first_ration, st_stairs_14,
          uniq_robin, uniq_crazy_yiuf_cottage, uniq_jessica
D:3:      minmay_inner_zag, layout_loops_corners, serial_undead,
          serial_undead_e, serial_undead_e, serial_undead_a, serial_undead_e,
          serial_undead_a, serial_undead_b, serial_undead_a, serial_undead_a,
          serial_undead_d, serial_undead_f
D:4:      cheibrodos_barr_body, layout_basic, nicolae_overflow_hidden_temple
D:5:      layout_basic, lemuel_crystal_altar, lemuel_doored_altar, serial_shops,
          shop, glass_columns_a
D:6:      layout_loops_ring
D:7:      layout_basic, vehumet_crystals, lemuel_round_altar,
          grunt_dithmenos_shadows, minmay_temple_entry_drinking_statues,
          uniq_menkaure
D:8:      layout_cave_pools
D:9:      layout_roguey [special_room_orc], lemuel_crystal_altar,
          david_lair_generic, serial_shops, shop
D:10:     layout_long_grid, orc_0_dummy, hangedman_ranch
          [blue_anna_fruit_fields], uniq_snorg
D:11:     layout_roguey, basic_altar
D:12:     layout_basic, enter_bailey_2, minivault_4
D:13:     layout_basic, david_vaults_1, uniq_jorgrun
D:14:     layout_gridville, chequers_serial_rivers_micro_d, uniq_roxanne
D:15:     gammafunk_depths_entry_grave, layout_irregular_city,
          chequers_serial_rivers_micro_c
Temple:   cyrus_circular_temple
Lair:1:   minmay_lair_venomous_thicket, layout_regular_city, grunt_megastairs_4
Lair:2:   layout_regular_city, grunt_megastairs_1
Lair:3:   layout_cave_pods, dummy_snake_entry
Lair:4:   layout_gridlike, minmay_swamp_entry_worms, serial_bayou_shore_a,
          lemuel_fruit_tree, infiniplex_staircase_pool
Lair:5:   layout_loops_ring, slime_altar_1, beast_lair_carwin_4,
          grunt_megastairs_2, lemuel_fruit_fields
Lair:6:   cheibrodos_lair_end_hotspot, layout_regular_city
Swamp:1:  gammafunk_mikee_crab_dinner, layout_falls_marsh,
          evilmike_swamp_ruin_house_1, swamp_pool1
Swamp:2:  layout_basic_swamp, gammafunk_ghost_mausoleum,
          hangedman_swamp_ruin_wall, swamp_pool2,
          nicolae_swamp_feature_on_the_river_bank
Swamp:3:  layout_basic_swamp, evilmike_swamp_ruin_house_3, swamp_pool5
Swamp:4:  swamp_old_school, layout_basic_swamp, gammafunk_ghost_necromancy,
          uniq_mara
Snake:1:  layout_basic, special_room, st_stairs_6, minmay_shop_grove,
          grunt_megastairs_3, uniq_asterion
Orc:1:    layout_diamond_mine, portal_ice_cave_entry_imps, uniq_fannar
Orc:2:    grunt_orc_cross, layout_diamond_mine, uniq_nessos

Skill      XL: |  1  2  3  4  5  6  7  8  9 10 11 12 13 14 15 16 |
---------------+-------------------------------------------------+-----
Stealth        | 4 5 6 8 9 10 | 10.1
Conjurations   | 2 3 4 5 6 9 11 14 15 | 15.2
Spellcasting   | 4 5 6 7 8 9 11 12 13 14 | 14.0
Poison Magic   | 1 2 |  2.0
Air Magic      | 1 2 |  2.0
Fire Magic     | 1 2 4 |  4.2
Summonings     | 2 9 10 | 10.0
Evocations     | 1 |  1.8
Translocations | 2 |  2.0
Fighting       | 2 4 6 9 |  9.2
Charms         | 1 |  1.0
Necromancy     | 1 |  1.2
Shields        | 1 2 5 9 |  9.0
Dodging        | 3 4 |  4.0
Earth Magic    | 4 |  4.4
Armour         | 3 |  3.5
Hexes          | 4 |  4.1

Action                   |  1- 3 |  4- 6 |  7- 9 | 10-12 | 13-15 | 16-18 || total
-------------------------+-------+-------+-------+-------+-------+-------++-------
Melee: Dagger            |    22 |    23 |       |       |       |       ||    45
       Falchion          |       |     9 |   268 |   391 |   235 |       ||   903
       Constrict         |       |       |       |       |   104 |    39 ||   143
       Staff             |       |       |       |       |    98 |    71 ||   169
       Demon trident     |       |       |       |       |   109 |   138 ||   247
Throw: Javelin           |       |     1 |     3 |     1 |     2 |       ||     7
 Cast: Magic Dart        |    73 |    23 |   152 |   114 |    39 |       ||   401
       Mephitic Cloud    |     1 |     6 |    16 |    34 |     2 |       ||    59
       Call Imp          |       |     6 |    19 |    31 |       |       ||    56
       Conjure Flame     |       |     4 |    18 |    22 |     2 |       ||    46
       Blink             |       |       |     2 |     8 |       |     1 ||    11
       Bolt of Magma     |       |       |       |    73 |   209 |       ||   282
       Olgreb's Toxic Ra |       |       |       |     1 |     1 |       ||     2
       Orb of Destructio |       |       |       |       |    92 |     1 ||    93
       Regeneration      |       |       |       |       |     3 |       ||     3
       Spellforged Servi |       |       |       |       |    69 |    60 ||   129
       Iron Shot         |       |       |       |       |    23 |     8 ||    31
       Irradiate         |       |       |       |       |     1 |     4 ||     5
       Summon Mana Viper |       |       |       |       |       |    28 ||    28
 Abil: Spit Poison       |    17 |     9 |    22 |    28 |    17 |     2 ||    95
Evoke: Wand              |       |       |     2 |       |     1 |     5 ||     8
       Sack of spiders   |       |       |       |       |     1 |       ||     1
  Use: Scroll            |       |       |     9 |    18 |    26 |     8 ||    61
       Potion            |       |       |     2 |     2 |     3 |     3 ||    10
 Stab: Sleeping          |       |       |    10 |     4 |     6 |       ||    20
       Confused          |       |       |     8 |    17 |       |       ||    25
       Distracted        |       |       |     2 |     2 |     1 |     3 ||     8
  Eat: Chunk             |     2 |     2 |    16 |    28 |   105 |    36 ||   189
       Ration            |       |     1 |     1 |     2 |    14 |     3 ||    21
Armor: Robe              |    11 |    32 |   161 |    14 |       |       ||   218
       Leather armour    |       |       |       |    97 |       |       ||    97
       Troll leather arm |       |       |       |   172 |   292 |    35 ||   499
       Ice dragon scales |       |       |       |       |   138 |   168 ||   306
Dodge: Dodged            |    26 |    16 |   143 |   214 |   421 |    81 ||   901
Block: Buckler           |       |       |       |   101 |   126 |       ||   227
       Shield            |       |       |       |       |    55 |   162 ||   217
       Rpst.: Falchion   |       |     1 |    48 |    55 |    56 |       ||   160

Table legend:
 A = Non-vault XP
 B = Vault XP
 C = Vault XP percentage of total XP
 D = Non-vault monster count
 E = Vault monster count
 F = Vault count percentage of total count
                 A         B        C        D         E       F
            +---------+---------+-------+---------+---------+-------
      Total |  121247 |   53580 |  30.6 |     709 |     266 |  27.3
            +---------+---------+-------+---------+---------+-------
        D:1 |      31 |       7 |  18.4 |      18 |       6 |  25.0
        D:2 |      42 |      61 |  59.2 |      15 |      10 |  40.0
        D:3 |      79 |      94 |  54.3 |      26 |      20 |  43.5
        D:4 |     346 |     219 |  38.8 |      26 |      10 |  27.8
        D:5 |     522 |       0 |   0.0 |      12 |       0 |   0.0
        D:6 |     394 |       0 |   0.0 |      12 |       0 |   0.0
        D:7 |    1688 |     112 |   6.2 |      25 |       1 |   3.8
        D:8 |    1638 |       0 |   0.0 |      22 |       0 |   0.0
        D:9 |    1405 |    1557 |  52.6 |       9 |      30 |  76.9
       D:10 |    1580 |    2265 |  58.9 |      23 |       7 |  23.3
       D:11 |    5590 |       0 |   0.0 |      31 |       0 |   0.0
       D:12 |    6243 |       0 |   0.0 |      35 |       0 |   0.0
       D:13 |   11147 |    4405 |  28.3 |      41 |       4 |   8.9
       D:14 |    9204 |     929 |   9.2 |      28 |       1 |   3.4
       D:15 |    3295 |    3781 |  53.4 |      19 |       8 |  29.6
     Lair:1 |    4152 |    1950 |  32.0 |      24 |      15 |  38.5
     Lair:2 |    2771 |    1321 |  32.3 |      13 |       3 |  18.8
     Lair:3 |    7721 |       0 |   0.0 |      28 |       0 |   0.0
     Lair:4 |    5652 |     916 |  13.9 |      22 |       3 |  12.0
     Lair:5 |    4729 |    1227 |  20.6 |      22 |       4 |  15.4
     Lair:6 |   10180 |    7766 |  43.3 |      31 |      28 |  47.5
    Swamp:1 |   14016 |       0 |   0.0 |      55 |       0 |   0.0
    Swamp:2 |    7121 |       0 |   0.0 |      41 |       0 |   0.0
    Swamp:3 |    6025 |       0 |   0.0 |      32 |       0 |   0.0
    Swamp:4 |    5360 |   10636 |  66.5 |      18 |      19 |  51.4
    Snake:1 |    6795 |    3883 |  36.4 |      21 |      12 |  36.4
      Orc:1 |    2150 |     922 |  30.0 |      37 |      13 |  26.0
      Orc:2 |    1371 |    7480 |  84.5 |      23 |      34 |  59.6
     Bailey |       0 |    1752 | 100.0 |       0 |      17 | 100.0
      IceCv |       0 |    2297 | 100.0 |       0 |      21 | 100.0
            +---------+---------+-------+---------+---------+-------
